 Dungeon Crawl Stone Soup version 0.29-a0-91-gdebf4667c2 (webtiles) character file.

Game seed: 4248435339788906342

147 Sweetruy1997 the Skirmisher (level 5, 0/42 HPs)
             Began as a Demonspawn Chaos Knight on Feb 7, 2022.
             Was a Plaything of Xom.
             Slain by an orc (3 damage)
             ... on level 3 of the Dungeon.
             The game lasted 00:08:21 (3134 turns).

Sweetruy1997 the Skirmisher (DsCK)                  Turns: 3134, Time: 00:08:21

Health: 0/42       AC:  5    Str: 12    XL:     5   Next: 7%
Magic:  1/7        EV: 11    Int: 14    God:    Xom [.....*]
Gold:   163        SH:  0    Dex: 14    Spells: 4/7 levels left

rFire   . . .      SeeInvis .   a - +0 hand axe (chaos)
rCold   . . .      Faith    .   (no shield)
rNeg    . . .      Spirit   .   b - +2 leather armour
rPois   .          Reflect  .   (helmet restricted)
rElec   .          Harm     .   (no cloak)
rCorr   .          Rampage  .   (no gloves)
Will    .....                   (no boots)
Stlth   +.........              (no amulet)
HPRegen 0.14/turn               (no ring)
MPRegen 0.10/turn               (no ring)

@: mighty
A: antennae 1, powered by pain 1, demonic touch 1
a: Renounce Religion


You were on level 3 of the Dungeon.
You worshipped Xom.
You were Xom's teddy bear.
You visited 1 branch of the dungeon, and saw 3 of its levels.

You collected 163 gold pieces.

Inventory:

Hand Weapons
 a - a +0 hand axe of chaos (weapon)
Armour
 b - a +2 leather armour (worn)
Scrolls
 d - a scroll of immolation
 e - 3 scrolls of acquirement {unknown}
 f - a scroll of fog
 i - a scroll of enchant armour {unknown}
 j - 2 scrolls of identify {unknown}
Potions
 c - a potion of magic {unknown}


   Skills:
 + Level 3.7 Fighting
 + Level 3.5 Axes
 + Level 2.1 Armour
 + Level 1.0 Dodging
 + Level 1.9 Spellcasting
 + Level 0.1 Summonings
 + Level 1.8 Necromancy


You had 4 spell levels left.
You knew the following spells:

 Your Spells              Type           Power      Damage    Failure   Level
a - Pain                  Necr           24%        1d5       14%         1
b - Animate Skeleton      Necr           12%        N/A       14%         1
c - Summon Small Mammal   Summ           4%         N/A       28%         1

Your spell library contained the following spells:

 Spells                   Type           Power      Damage    Failure   Level
 Corpse Rot               Necr/Air       6%         N/A       32%         2
 Vampiric Draining        Necr           6%         2d6       38%         3
 Poisonous Vapours        Pois/Air       2%         N/A       43%         2
 Call Canine Familiar     Summ           1%         N/A       65%         3
 Summon Guardian Golem    Hex/Summ       1%         N/A       65%         3
 Orb of Destruction       Conj           0%         9d5       100%        7
 Spellforged Servitor     Conj/Summ      0%         N/A       100%        7


Dungeon Overview and Level Annotations

Branches:
Dungeon (3/15)

Altars:

Shops:
D:2 =


Innate Abilities, Weirdness & Mutations

You have a pair of small antennae on your head.
You sometimes gain a little power by taking damage.
Your touch may inflict minor irresistible damage on your foes.


Message History

You hit something. You burn something.
You hear some strange, mumbled words.
You are confused.
Something hits you.
You closely miss something.
You hear some strange, mumbled words.
A puff of flame appears from out of thin air!
The puff of flame hits you!
* * * LOW HITPOINT WARNING * * *
You focus on the pain.
You feel very mighty all of a sudden.
You bump into the rock wall.
Something hits you but does no damage.
You miss something. Something hits you but does no damage.
You miss something. Something hits you.
* * * LOW HITPOINT WARNING * * *
You bump into the rock wall.
Something hits you but does no damage.
Your magical contamination has completely faded away.
You miss something.
You feel less confused.
An orc wizard appears from thin air!
Reactivating autopickup.
The orc wizard closely misses you.
You slash the orc wizard! You burn the orc wizard.
You kill the orc wizard!
The quokka closely misses you.
You have reached level 5!
Your demonic ancestry asserts itself...
Your hands begin to faintly glow with unholy energy.
You closely miss the quokka. The quokka bites you.
* * * LOW HITPOINT WARNING * * *
You hit the quokka.
The quokka is severely wounded.
The quokka bites you.
* * * LOW HITPOINT WARNING * * *
The quokka bites you but does no damage.
You barely miss the quokka.
You touch the quokka.
You kill the quokka!
The orc hits you with a +0 club.
You die... "It was about time."

####.######.#
#.#......#
#.#.####.#
#####'#......#
#.......####.#
#............#
#.......####.#
#.......# #.#
#.......####@#
#..........#o#
#..........#oo
####.......#...
#.......#....
#.......#.....
#.......#......
#########...#...


You could see 3 orcs.

Vanquished Creatures
  Jessica (D:2)
  An orc wizard (D:3)
  2 adders (D:2)
  2 worms
  2 dart slugs (D:1)
  3 orcs (D:3)
  4 endoplasms
  5 giant cockroaches
  5 hobgoblins
  4 jackals (D:1)
  4 kobolds (D:1)
  3 quokkas
  4 ball pythons
  9 bats
  A frilled lizard (D:2)
  8 goblins
  5 rats
63 creatures vanquished.

Notes
Turn   | Place    | Note
-------+----------+-------------------------------------------
     0 | D:1      | Sweetruy1997 the Demonspawn Chaos Knight began the quest
                  | for the Orb.
     0 | D:1      | Reached XP level 1. HP: 18/18 MP: 1/1
    43 | D:1      | Discovered your monstrous ancestry.
    43 | D:1      | Gained mutation: You have a pair of small antennae on your
                  | head. [demonic ancestry]
    43 | D:1      | Reached XP level 2. HP: 24/24 MP: 2/2
    48 | D:1      | Learned a level 1 spell: Pain
   390 | D:1      | XOM: 1-stop teleportation journey
   585 | D:1      | XOM: noise
   588 | D:1      | Gained mutation: You sometimes gain a little power by
                  | taking damage. [demonic ancestry]
   588 | D:1      | Reached XP level 3. HP: 29/29 MP: 3/3
   619 | D:1      | Learned a level 1 spell: Animate Skeleton
   621 | D:1      | Learned a level 1 spell: Summon Small Mammal
   851 | D:1      | Found a faded altar of an unknown god.
   937 | D:1      | XOM: silly message
  1190 | D:1      | Reached skill level 1 in Spellcasting
  1265 | D:2      | Noticed Jessica
  1269 | D:2      | Killed Jessica
  1270 | D:2      | Reached skill level 1 in Necromancy
  1270 | D:2      | Reached XP level 4. HP: 33/36 MP: 1/5
  1270 | D:2      | XOM: cloud trail
  1450 | D:2      | XOM: 10-stop teleportation journey
  1527 | D:2      | Found Quikuhy's Jewellery Shoppe.
  1683 | D:2      | XOM: summons 3 hostile demons
  1960 | D:2      | Reached skill level 1 in Dodging
  2510 | D:2      | XOM: cloud trail
  2640 | D:2      | XOM: cloud trail
  2673 | D:2      | XOM: god gift: quarterstaff {god gift}
  3132 | D:3      | Gained mutation: Your touch may inflict minor irresistible
                  | damage on your foes. [demonic ancestry]
  3132 | D:3      | Reached XP level 5. HP: 7/42 MP: 1/7
  3134 | D:3      | Slain by an orc

Illustrated notes

Levels and vault maps discovered:
D:1:      kennysheep_arrival_forest, layout_basic,
          shapermc_ecumenical_altar_starsandcircs, nicolae_wormholes
D:2:      minmay_general_purpose_star, layout_basic, serial_shops,
          nicolae_shop_hallway_stairs, minmay_pentomino_w4, uniq_jessica
D:3:      wad_lake_hut, layout_basic

Skill      XL: |  1  2  3  4 |
---------------+-------------+-----
Axes           | 3 |  3.5
Spellcasting   | 1 |  1.9
Necromancy     | 1 |  1.8
Dodging        | 1 |  1.0
Armour         | 2 |  2.1
Fighting       | |  3.7
Summonings     | |  0.1

Action                   |  1- 3 |  4- 6 || total
-------------------------+-------+-------++-------
Melee: Hand axe          |    59 |    75 ||   134
       Punch             |       |     1 ||     1
       Touch             |       |     1 ||     1
 Cast: Pain              |    15 |    37 ||    52
       Summon Small Mamm |     1 |     1 ||     2
       Animate Skeleton  |     1 |       ||     1
  Use: Scroll            |       |     5 ||     5
       Potion            |       |     1 ||     1
 Stab: Sleeping          |     1 |       ||     1
Armor: Leather armour    |    21 |    51 ||    72
Dodge: Dodged            |    41 |    63 ||   104

Table legend: (Time is in decaauts)
 A = Elapsed time spent in this place.
 B = Non-inter-level travel time spent in this place.
 C = Inter-level travel time spent in this place.
 D = Time resting spent in this place.
 E = Time spent auto-exploring this place.
 F = Levels seen in this place.
 G = Mean time per level.
                   A        B        C        D        E       F      G
               +--------+--------+--------+--------+--------+-----+--------+
         Total |   3141 |   3099 |     42 |    419 |   2251 |   3 | 1047.0 |
       Dungeon |   3141 |   3099 |     42 |    419 |   2251 |   3 | 1047.0 |
               +--------+--------+--------+--------+--------+-----+--------+

Top non-repeatable levels by time:
     D:2: 1435 daAuts
     D:1: 1275 daAuts
     D:3: 429 daAuts
